Golden Knights vs Islanders

Created - 3 octobre 2019 at 19:06

Simulating a Pre-Season

Goals
1 2 3 OT1 T
Golden Knights 1 1 0 0 2
Islanders 1 0 1 1 3
Shots
1 2 3 OT1 T
Golden Knights 10 6 4 4 24
Islanders 18 9 14 3 44

1st period

1. Islanders , Radek Faksa 7 (Brandon Saad 4) at 17:00
2. Golden Knights , Phil Kessel 6 (Evgeni Malkin 13, Blake Coleman 7) at 19:44

Penalties :
Antoine Roussel (VGK) for High sticking (Minor) at 1:27, Mathew Dumba (NYI) for Hooking (Minor) at 6:00

2nd period

3. Golden Knights , Nic Dowd 2 (Phil Kessel 14, Kyle Okposo 4) at 11:13

Penalties :
Vladimir Tarasenko (NYI) for Goalie Interference (Minor) at 11:34

3rd period

4. Islanders , Drake Batherson 1 (Jake Gardiner 3, James Neal 1) at 7:09

Penalties :
Timo Meier (NYI) for Hooking (Minor) at 1:28, Jordie Benn (NYI) for Hooking (Minor) at 1:52

Overtime #1

5. Islanders , Timo Meier 6 (Vladimir Tarasenko 4, Nicklas Backstrom 5) at 2:26

Penalties :
No Penalty

Goalie Stats

Connor Hellebuyck (VGK), 41 saves from 44 shots - (0,932), OTL, 7-5-2, 62:26 minutes
Corey Crawford (NYI), 22 saves from 24 shots - (0,917), W, 3-6-1, 62:26 minutes

Players Stats for Golden Knights

Player Name              G  A  P  +/- PIM S  H  SB GA TA FO     MP     PP MP  PK MP  
------------------------------------------------------------------------------------
Antoine Roussel          0  0  0  -1  2   2  2  0  0  0  1/2    15:37   0:00   0:00 
Austin Watson            0  0  0   1  0   0  0  0  0  0  0/0    12:57   0:00   0:05 
Blake Coleman            0  1  1  -1  0   2  1  1  2  0  2/2    17:30   2:53   1:01 
Brock Boeser             0  0  0  -1  0   2  0  1  1  0  0/0    19:29   2:53   0:00 
Brooks Orpik             0  0  0  -2  0   2  0  0  1  0  0/0    21:21   2:15   0:58 
Byron Froese             0  0  0   0  0   0  1  1  1  0  2/2    10:57   0:00   0:00 
Daniel O'Regan           0  0  0   0  0   0  0  0  0  0  0/0     0:00   0:00   0:00 
Derek Stepan             0  0  0  -1  0   0  1  0  0  0  3/12   20:32   3:28   0:53 
Drake Caggiula           0  0  0   0  0   1  0  0  0  0  0/0    10:29   0:00   0:47 
Dustin Byfuglien         0  0  0   1  0   0  1  2  0  1  0/0    23:36   4:06   1:09 
Evgeni Malkin            0  1  1   0  0   1  1  0  2  0  9/27   20:00   3:28   1:01 
Jaycob Megna             0  0  0   0  0   0  0  0  0  1  0/0     5:22   0:00   0:00 
Kris Russell             0  0  0  -2  0   1  1  1  0  0  0/0    17:51   0:00   0:00 
Kyle Okposo              0  1  1   0  0   3  3  0  0  0  0/0    15:35   2:53   0:00 
Mark Barberio            0  0  0   1  0   0  1  1  0  0  0/0    12:30   0:00   0:00 
Nic Dowd                 1  0  1   1  0   2  0  0  1  0  8/12   14:47   0:00   0:00 
P.K. Subban              0  0  0   1  0   3  0  0  0  1  0/0    26:03   4:06   1:01 
Patrik Berglund          0  0  0   0  0   0  1  2  0  0  0/0     8:57   0:00   0:00 
Phil Kessel              1  1  2   1  0   5  0  0  1  1  0/1    26:24   3:28   0:00 
Ryan Pulock              0  0  0  -1  0   0  0  1  0  0  0/0     5:21   2:15   1:01 

Players Stats for Islanders

Player Name              G  A  P  +/- PIM S  H  SB GA TA FO     MP     PP MP  PK MP  
------------------------------------------------------------------------------------
Alex Goligoski           0  0  0  -1  0   0  0  1  0  2  0/0    25:51   0:42   2:34 
Brandon Saad             0  1  1  -1  0   8  2  1  1  2  0/2    19:24   0:56   3:01 
Chris Mueller            0  0  0   1  0   1  1  1  0  0  0/0    12:09   0:56   0:00 
Drake Batherson          1  0  1   1  0   2  2  0  0  0  0/2    10:50   0:00   1:04 
Evan Rodrigues           0  0  0  -1  0   5  0  1  1  0  1/1    15:54   0:00   1:45 
Jake Gardiner            0  1  1   0  0   0  1  0  0  0  0/0    15:48   0:42   0:00 
James Neal               0  1  1   1  0   0  1  0  0  0  0/0    10:12   0:00   0:26 
Jordie Benn              0  0  0   1  2   1  2  2  0  1  0/0    18:14   0:00   2:45 
Justin Schultz           0  0  0   0  0   1  0  1  0  1  0/0    18:25   1:17   1:45 
Logan Shaw               0  0  0   1  0   1  0  1  0  0  0/0    11:05   0:00   1:19 
Mathew Dumba             0  0  0   0  2   2  0  1  0  0  0/0    23:16   0:00   1:24 
Nicklas Backstrom        0  1  1  -1  0   6  2  1  1  0  19/32  18:27   1:03   0:00 
Radek Faksa              1  0  1   1  0   1  1  0  0  0  3/4    15:33   0:00   3:32 
Ryan Murray              0  0  0   1  0   0  1  1  0  0  0/0    20:59   1:17   4:13 
Timo Meier               1  0  1   0  2   3  1  0  1  2  1/2    17:45   1:03   0:00 
Tyler Bozak              0  0  0  -1  0   2  1  1  0  0  9/14   14:31   0:00   0:00 
Tyler Ennis              0  0  0   1  0   1  2  2  0  1  0/0    11:53   0:56   0:00 
Vladimir Tarasenko       0  1  1   0  2   10 3  2  0  0  0/1    19:02   1:03   0:00 

3 Stars

1 - Phil Kessel (VGK)
2 - Drake Batherson (NYI)
3 - Radek Faksa (NYI)

Power Play

Golden Knights - 0 on 4 Attempt(s) - 0,00%
Islanders - 0 on 1 Attempt(s) - 0,00%

Penalty Kill

Golden Knights - 1 on 1 Attempt(s) - 100,00% - Score 0 goal in Penalty Kill
Islanders - 4 on 4 Attempt(s) - 100,00% - Score 0 goal in Penalty Kill

Team Stat

Golden Knights - Hits : 13 - Faceoff Wins : 25 - Blocked Shots : 10 - Penalty Minutes : 2
Islanders - Hits : 20 - Faceoff Wins : 33 - Blocked Shots : 16 - Penalty Minutes : 8

Official

Referees : Dave Jackson and Marc Joannette
Linesman : Brian Murphy and Shane Heyer

Game Notes

No Game Note

Golden Knights

5 vs 5 Forward 
   Center                   Left Wing                Right Wing               Time % Phy DF OF 
 1 Evgeni Malkin            Blake Coleman            Phil Kessel              37     0   1  4  
 2 Derek Stepan             Antoine Roussel          Brock Boeser             35     0   2  3  
 3 Nic Dowd                 Austin Watson            Kyle Okposo              28     0   2  3  
 4 Byron Froese             Drake Caggiula           Patrik Berglund          0      0   4  1  

5 vs 5 Defense 
   Defense                  Defense                                           Time % Phy DF OF 
 1 Dustin Byfuglien         P.K. Subban                                       36     0   2  3  
 2 Kris Russell             Brooks Orpik                                      34     0   2  3  
 3 Phil Kessel              Mark Barberio                                     25     0   3  2  
 4 Jaycob Megna             P.K. Subban                                       5      0   3  2  

PowerPlay Forward 
   Center                   Left Wing                Right Wing               Time % Phy DF OF 
 1 Evgeni Malkin            Derek Stepan             Phil Kessel              55     0   1  4  
 2 Blake Coleman            Kyle Okposo              Brock Boeser             45     0   1  4  

PowerPlay Defense
   Defense                  Defense                                           Time % Phy DF OF 
 1 Dustin Byfuglien         P.K. Subban                                       55     0   1  4  
 2 Ryan Pulock              Brooks Orpik                                      45     0   2  3  

Penalty Kill 4 Players Forward 
   Center                   Wing                     Time % Phy DF OF 
 1 Evgeni Malkin            Blake Coleman            55     0   3  2  
 2 Derek Stepan             Antoine Roussel          45     0   3  2  

Penalty Kill 4 Players Defense
   Defense                  Defense                  Time % Phy DF OF 
 1 Dustin Byfuglien         Brooks Orpik             55     0   4  1  
 2 Ryan Pulock              P.K. Subban              45     0   4  1  

Penalty Kill - 3 Players Forward 
   Forward                                           Time % Phy DF OF 
 1 Evgeni Malkin                                     55     0   4  1  
 2 Derek Stepan                                      45     0   1  4  

Penalty Kill - 3 Players Defense
   Defense                  Defense                  Time % Phy DF OF 
 1 Ryan Pulock              P.K. Subban              55     0   4  1  
 2 Kris Russell             Brooks Orpik             45     0   4  1  

4 vs 4 Forward 
   Center                   Wing                     Time % Phy DF OF 
 1 Evgeni Malkin            Phil Kessel              55     0   2  3  
 2 Brock Boeser             Derek Stepan             45     0   2  3  

4 vs 4 Defense
   Defense                  Defense                  Time % Phy DF OF 
 1 Dustin Byfuglien         P.K. Subban              55     0   3  2  
 2 Ryan Pulock              Brooks Orpik             45     0   3  2  

Last Minutes Offensive
   Center                   Left Wing                Right Wing               Defense                  Defense                  
   Evgeni Malkin            Derek Stepan             Phil Kessel              Ryan Pulock              P.K. Subban              

Last Minutes Defensive
   Center                   Left Wing                Right Wing               Defense                  Defense                  
   Evgeni Malkin            Derek Stepan             Phil Kessel              Ryan Pulock              P.K. Subban              

Goaltenders
Starting : Connor Hellebuyck        
Backup : Louis Domingue           

Extra Forwards
Normal : Nic Dowd, Byron Froese, Antoine Roussel - PP : Nic Dowd, Byron Froese - PK : Antoine Roussel
Extra Defensemen
Normal : Kris Russell, Jaycob Megna, Mark Barberio - PP : Kris Russell - PK : Jaycob Megna, Mark Barberio
Penalty Shots
Evgeni Malkin, Brock Boeser, Phil Kessel, Blake Coleman, Derek Stepan
Custom OT Lines Forwards
Evgeni Malkin, Phil Kessel, Brock Boeser, Derek Stepan, Blake Coleman, Kyle Okposo, Antoine Roussel, Austin Watson, Drake Caggiula, Patrik Berglund
Custom OT Lines Defensemen
P.K. Subban, Ryan Pulock, Kris Russell, Brooks Orpik, Jaycob Megna

Scratches
None

Islanders

5 vs 5 Forward 
   Center                   Left Wing                Right Wing               Time % Phy DF OF 
 1 Nicklas Backstrom        Timo Meier               Vladimir Tarasenko       35     0   2  3  
 2 Tyler Bozak              Brandon Saad             Evan Rodrigues           30     0   2  3  
 3 Radek Faksa              Tyler Ennis              Chris Mueller            20     1   2  2  
 4 Drake Batherson          James Neal               Logan Shaw               15     1   3  1  

5 vs 5 Defense 
   Defense                  Defense                                           Time % Phy DF OF 
 1 Alex Goligoski           Mathew Dumba                                      40     0   2  2  
 2 Jordie Benn              Ryan Murray                                       30     1   2  2  
 3 Jake Gardiner            Justin Schultz                                    30     1   2  2  
 4 Alex Goligoski           Mathew Dumba                                      0      1   2  2  

PowerPlay Forward 
   Center                   Left Wing                Right Wing               Time % Phy DF OF 
 1 Nicklas Backstrom        Timo Meier               Vladimir Tarasenko       60     0   0  5  
 2 Chris Mueller            Brandon Saad             Tyler Ennis              40     0   0  5  

PowerPlay Defense
   Defense                  Defense                                           Time % Phy DF OF 
 1 Ryan Murray              Justin Schultz                                    60     1   2  2  
 2 Jake Gardiner            Alex Goligoski                                    40     1   2  2  

Penalty Kill 4 Players Forward 
   Center                   Wing                     Time % Phy DF OF 
 1 Radek Faksa              Brandon Saad             60     1   2  2  
 2 Evan Rodrigues           Logan Shaw               40     1   2  2  

Penalty Kill 4 Players Defense
   Defense                  Defense                  Time % Phy DF OF 
 1 Jordie Benn              Ryan Murray              60     1   2  2  
 2 Alex Goligoski           Mathew Dumba             40     1   2  2  

Penalty Kill - 3 Players Forward 
   Forward                                           Time % Phy DF OF 
 1 Radek Faksa                                       60     1   2  2  
 2 Evan Rodrigues                                    40     1   2  2  

Penalty Kill - 3 Players Defense
   Defense                  Defense                  Time % Phy DF OF 
 1 Jordie Benn              Ryan Murray              60     1   2  2  
 2 Alex Goligoski           Mathew Dumba             40     1   2  2  

4 vs 4 Forward 
   Center                   Wing                     Time % Phy DF OF 
 1 Radek Faksa              Drake Batherson          60     1   2  2  
 2 Evan Rodrigues           Chris Mueller            40     1   2  2  

4 vs 4 Defense
   Defense                  Defense                  Time % Phy DF OF 
 1 Alex Goligoski           Mathew Dumba             60     1   2  2  
 2 Jordie Benn              Ryan Murray              40     1   2  2  

Last Minutes Offensive
   Center                   Left Wing                Right Wing               Defense                  Defense                  
   Nicklas Backstrom        Timo Meier               Vladimir Tarasenko       Alex Goligoski           Mathew Dumba             

Last Minutes Defensive
   Center                   Left Wing                Right Wing               Defense                  Defense                  
   Radek Faksa              Evan Rodrigues           Brandon Saad             Jordie Benn              Ryan Murray              

Goaltenders
Starting : Corey Crawford           
Backup : Keith Kinkaid            

Extra Forwards
Normal : Radek Faksa, Chris Mueller, Drake Batherson - PP : Radek Faksa, Chris Mueller - PK : Drake Batherson
Extra Defensemen
Normal : Jake Gardiner, Justin Schultz, Jordie Benn - PP : Jake Gardiner - PK : Justin Schultz, Jordie Benn
Penalty Shots
Nicklas Backstrom, Vladimir Tarasenko, Timo Meier, Brandon Saad, Tyler Bozak
Custom OT Lines Forwards
Nicklas Backstrom, Vladimir Tarasenko, Timo Meier, Brandon Saad, Tyler Bozak, Radek Faksa, Evan Rodrigues, Chris Mueller, Drake Batherson, Tyler Ennis
Custom OT Lines Defensemen
Alex Goligoski, Mathew Dumba, Jordie Benn, Ryan Murray, Jake Gardiner

Scratches
Will Butcher (Healthy), Kyle Palmieri (Healthy)

% Time on Ice - Golden Knights

Lines # - Real PCT - Wanted PCT - Time Play
Normal Forward
1 - 27% - 37% - 13:54
2 - 31% - 35% - 16:09
3 - 25% - 28% - 12:40
4 - 17% - 0% - 8:57
Normal Defense
1 - 33% - 36% - 17:13
2 - 35% - 34% - 18:12
3 - 24% - 25% - 12:09
4 - 8% - 5% - 4:06
PP Forward
1 - 55% - 55% - 3:28
2 - 45% - 45% - 2:53
PP Defense
1 - 65% - 55% - 4:06
2 - 35% - 45% - 2:15
PK Forward
1 - 51% - 55% - 1:01
2 - 49% - 45% - 0:58
PK Defense
1 - 49% - 55% - 0:58
2 - 51% - 45% - 1:01
PK3 Forward
1 - 0% - 55%
2 - 0% - 45%
PK3 Defense
1 - 0% - 55%
2 - 0% - 45%
44 Forward
1 - 0% - 55%
2 - 0% - 45%
44 Defense
1 - 0% - 55%
2 - 0% - 45%
Last Minute Offensive  - 0:00
Last Minute Defensive  - 0:00
Total
Forward - 60:00
Defense - 60:00

% Time on Ice - Islanders

Lines # - Real PCT - Wanted PCT - Time Play
Normal Forward
1 - 33% - 35% - 16:48
2 - 27% - 30% - 14:09
3 - 21% - 20% - 10:57
4 - 19% - 15% - 9:46
Normal Defense
1 - 41% - 40% - 21:17
2 - 30% - 30% - 15:30
3 - 29% - 30% - 14:53
4 - 0% - 0% - 0:00
PP Forward
1 - 53% - 60% - 1:03
2 - 47% - 40% - 0:56
PP Defense
1 - 65% - 60% - 1:17
2 - 35% - 40% - 0:42
PK Forward
1 - 72% - 60% - 3:27
2 - 28% - 40% - 1:19
PK Defense
1 - 66% - 60% - 3:10
2 - 34% - 40% - 1:36
PK3 Forward
1 - 73% - 60% - 1:09
2 - 27% - 40% - 0:26
PK3 Defense
1 - 77% - 60% - 1:13
2 - 23% - 40% - 0:22
44 Forward
1 - 0% - 60%
2 - 0% - 40%
44 Defense
1 - 0% - 60%
2 - 0% - 40%
Last Minute Offensive  - 0:00
Last Minute Defensive  - 0:00
Total
Forward - 60:00
Defense - 60:00

Play-by-Play

1st period


0:01 of 1st period - Nicklas Backstrom wins face-off versus Evgeni Malkin in neutral zone.
0:04 of 1st period - Slapshot by Vladimir Tarasenko.
0:04 of 1st period - Deflect By Nicklas Backstrom.
0:04 of 1st period - Stopped by Connor Hellebuyck without a rebound.
0:05 of 1st period - Evgeni Malkin wins face-off versus Nicklas Backstrom in Golden Knights zone.
0:12 of 1st period - Snap shot by Phil Kessel.
0:12 of 1st period - Stopped by Corey Crawford with a rebound.
0:14 of 1st period - Wrist shot by Phil Kessel.
0:14 of 1st period - Shot Misses the Net.
0:16 of 1st period - Wrist shot by Blake Coleman.
0:16 of 1st period - Stopped by Corey Crawford with a rebound.
0:18 of 1st period - Wrist shot by Blake Coleman.
0:18 of 1st period - Shot Misses the Net.
0:20 of 1st period - Slapshot by P.K. Subban.
0:20 of 1st period - Deflect By Nicklas Backstrom.
0:20 of 1st period - Stopped by Corey Crawford with a rebound.
0:40 of 1st period - Wrist shot by Tyler Bozak.
0:40 of 1st period - Shot Misses the Net.
1:20 of 1st period - Off-side.
1:21 of 1st period - Tyler Bozak wins face-off versus Derek Stepan in neutral zone.
1:27 of 1st period - Minor Penalty to Antoine Roussel for High sticking.
1:28 of 1st period - Nicklas Backstrom wins face-off versus Evgeni Malkin in Golden Knights zone.
1:32 of 1st period - Snap shot by Nicklas Backstrom.
1:32 of 1st period - Shot Blocked by Blake Coleman.
3:27 of 1st period - Penalty to Antoine Roussel is over, Antoine Roussel is back on ice.
3:39 of 1st period - Wrist shot by Kyle Okposo.
3:39 of 1st period - Stopped by Corey Crawford without a rebound.
3:40 of 1st period - Nic Dowd wins face-off versus Drake Batherson in Islanders zone.
3:55 of 1st period - Slapshot by Phil Kessel.
3:55 of 1st period - Shot Misses the Net.
4:11 of 1st period - Snap shot by Austin Watson.
4:11 of 1st period - Shot Misses the Net.
4:13 of 1st period - Slapshot by Kris Russell.
4:13 of 1st period - Stopped by Corey Crawford with a rebound.
4:15 of 1st period - Wrist shot by Austin Watson.
4:15 of 1st period - Shot Misses the Net.
4:21 of 1st period - Snap shot by Kyle Okposo.
4:21 of 1st period - Shot Misses the Net.
4:23 of 1st period - Snap shot by Brooks Orpik.
4:23 of 1st period - Stopped by Corey Crawford with a rebound.
4:54 of 1st period - Off-side.
4:55 of 1st period - Evgeni Malkin wins face-off versus Nicklas Backstrom in neutral zone.
5:54 of 1st period - Snap shot by Drake Caggiula.
5:54 of 1st period - Stopped by Corey Crawford with a rebound.
6:00 of 1st period - Minor Penalty to Mathew Dumba for Hooking.
6:01 of 1st period - Blake Coleman wins face-off versus Brandon Saad in Islanders zone.
7:01 of 1st period - Alex Goligoski is hit by Blake Coleman and loses puck.
7:12 of 1st period - P.K. Subban is hit by James Neal and loses puck.
7:21 of 1st period - Snap shot by Drake Batherson.
7:21 of 1st period - Shot Blocked by Dustin Byfuglien.
7:23 of 1st period - Slapshot by Alex Goligoski.
7:23 of 1st period - Shot Blocked by Dustin Byfuglien.
7:25 of 1st period - Snap shot by Alex Goligoski.
7:25 of 1st period - Deflect By Drake Batherson.
7:25 of 1st period - Shot Misses the Net.
7:25 of 1st period - Puck is out of play.
7:26 of 1st period - Radek Faksa wins face-off versus Phil Kessel in Golden Knights zone.
8:00 of 1st period - Penalty to Mathew Dumba is over, Mathew Dumba is back on ice.
9:12 of 1st period - Chris Mueller is hit by Mark Barberio and loses puck.
9:23 of 1st period - Evgeni Malkin is hit by Nicklas Backstrom and loses puck.
9:55 of 1st period - Evgeni Malkin is hit by Brandon Saad and loses puck.
10:10 of 1st period - Derek Stepan is hit by Vladimir Tarasenko and loses puck.
10:27 of 1st period - Wrist shot by Mathew Dumba.
10:27 of 1st period - Shot Blocked by Patrik Berglund.
11:06 of 1st period - Wrist shot by Austin Watson.
11:06 of 1st period - Shot Blocked by Jordie Benn.
11:08 of 1st period - Snap shot by Kyle Okposo.
11:08 of 1st period - Stopped by Corey Crawford without a rebound.
11:09 of 1st period - Nicklas Backstrom wins face-off versus Derek Stepan in Islanders zone.
11:14 of 1st period - Slapshot by Vladimir Tarasenko.
11:14 of 1st period - Stopped by Connor Hellebuyck with a rebound.
11:16 of 1st period - Slapshot by Justin Schultz.
11:16 of 1st period - Stopped by Connor Hellebuyck with a rebound.
11:18 of 1st period - Slapshot by Nicklas Backstrom.
11:18 of 1st period - Stopped by Connor Hellebuyck without a rebound.
11:19 of 1st period - Derek Stepan wins face-off versus Tyler Bozak in Golden Knights zone.
11:46 of 1st period - Mathew Dumba is hit by Kyle Okposo and loses puck.
11:55 of 1st period - Slapshot by Kyle Okposo.
11:55 of 1st period - Shot Blocked by Vladimir Tarasenko.
12:24 of 1st period - Slapshot by Brock Boeser.
12:24 of 1st period - Shot Blocked by Evan Rodrigues.
12:56 of 1st period - Off-side.
12:57 of 1st period - Byron Froese wins face-off versus Nicklas Backstrom in neutral zone.
13:29 of 1st period - Wrist shot by Drake Caggiula.
13:29 of 1st period - Shot Misses the Net.
14:04 of 1st period - Jordie Benn is hit by Antoine Roussel and loses puck.
14:26 of 1st period - Wrist shot by Jordie Benn.
14:26 of 1st period - Stopped by Connor Hellebuyck without a rebound.
14:27 of 1st period - Nicklas Backstrom wins face-off versus Nic Dowd in Golden Knights zone.
14:34 of 1st period - Wrist shot by Vladimir Tarasenko.
14:34 of 1st period - Stopped by Connor Hellebuyck without a rebound.
14:35 of 1st period - Nicklas Backstrom wins face-off versus Nic Dowd in Golden Knights zone.
14:44 of 1st period - Snap shot by Vladimir Tarasenko.
14:44 of 1st period - Stopped by Connor Hellebuyck with a rebound.
14:51 of 1st period - Icing by Dustin Byfuglien.
14:52 of 1st period - Tyler Bozak wins face-off versus Nic Dowd in Golden Knights zone.
14:55 of 1st period - Snap shot by Brandon Saad.
14:55 of 1st period - Stopped by Connor Hellebuyck without a rebound.
14:56 of 1st period - Tyler Bozak wins face-off versus Evgeni Malkin in Golden Knights zone.
15:03 of 1st period - Wrist shot by Tyler Bozak.
15:03 of 1st period - Shot Misses the Net.
15:11 of 1st period - Wrist shot by Tyler Bozak.
15:11 of 1st period - Stopped by Connor Hellebuyck without a rebound.
15:12 of 1st period - Antoine Roussel wins face-off versus Nicklas Backstrom in Golden Knights zone.
15:58 of 1st period - Radek Faksa is hit by Dustin Byfuglien and loses puck.
16:05 of 1st period - Radek Faksa is hit by Kyle Okposo and loses puck.
16:18 of 1st period - Byron Froese is hit by Drake Batherson and loses puck.
16:25 of 1st period - Wrist shot by Drake Batherson.
16:25 of 1st period - Shot Misses the Net.
16:27 of 1st period - Snap shot by Logan Shaw.
16:27 of 1st period - Stopped by Connor Hellebuyck without a rebound.
16:28 of 1st period - Nicklas Backstrom wins face-off versus Derek Stepan in Golden Knights zone.
17:00 of 1st period - Wrist shot by Radek Faksa.
17:00 of 1st period - Goal by Radek Faksa - Golden Knights : 0 - Islanders : 1.
17:01 of 1st period - Evgeni Malkin wins face-off versus Tyler Bozak in neutral zone.
17:12 of 1st period - Wrist shot by Phil Kessel.
17:12 of 1st period - Shot Misses the Net.
17:14 of 1st period - Slapshot by Dustin Byfuglien.
17:14 of 1st period - Shot Blocked by Tyler Bozak.
17:26 of 1st period - Vladimir Tarasenko is hit by Derek Stepan and loses puck.
18:25 of 1st period - Snap shot by Brandon Saad.
18:25 of 1st period - Stopped by Connor Hellebuyck with a rebound.
18:27 of 1st period - Backhand shot by Evan Rodrigues.
18:27 of 1st period - Stopped by Connor Hellebuyck with a rebound.
18:29 of 1st period - Snap shot by Tyler Bozak.
18:29 of 1st period - Deflect By Patrik Berglund.
18:29 of 1st period - Shot Misses the Net.
18:29 of 1st period - Puck is out of play.
18:30 of 1st period - Evgeni Malkin wins face-off versus Tyler Bozak in Golden Knights zone.
18:45 of 1st period - Wrist shot by Evan Rodrigues.
18:45 of 1st period - Shot Misses the Net.
18:47 of 1st period - Snap shot by Mathew Dumba.
18:47 of 1st period - Shot Misses the Net.
18:49 of 1st period - Wrist shot by Tyler Bozak.
18:49 of 1st period - Stopped by Connor Hellebuyck with a rebound.
18:51 of 1st period - Snap shot by Evan Rodrigues.
18:51 of 1st period - Stopped by Connor Hellebuyck with a rebound.
18:57 of 1st period - Wrist shot by Evan Rodrigues.
18:57 of 1st period - Stopped by Connor Hellebuyck without a rebound.
18:58 of 1st period - Derek Stepan wins face-off versus Nicklas Backstrom in Golden Knights zone.
19:36 of 1st period - Slapshot by Kyle Okposo.
19:36 of 1st period - Shot Misses the Net.
19:38 of 1st period - Wrist shot by Nic Dowd.
19:38 of 1st period - Stopped by Corey Crawford without a rebound.
19:39 of 1st period - Blake Coleman wins face-off versus Timo Meier in Islanders zone.
19:44 of 1st period - Wrist shot by Phil Kessel.
19:44 of 1st period - Goal by Phil Kessel - Golden Knights : 1 - Islanders : 1.
19:45 of 1st period - Nicklas Backstrom wins face-off versus Evgeni Malkin in neutral zone.
19:50 of 1st period - Backhand shot by Timo Meier.
19:50 of 1st period - Shot Misses the Net.
19:52 of 1st period - Slapshot by Mathew Dumba.
19:52 of 1st period - Stopped by Connor Hellebuyck without a rebound.
19:53 of 1st period - Nicklas Backstrom wins face-off versus Evgeni Malkin in Golden Knights zone.
19:58 of 1st period - Wrist shot by Timo Meier.
19:58 of 1st period - Deflect By Nicklas Backstrom.
19:58 of 1st period - Stopped by Connor Hellebuyck with a rebound.
Goals for this period are 1 for Golden Knights vs 1 for Islanders.
Shots for this period are 10 for Golden Knights vs 18 for Islanders.

2nd period


0:01 of 2nd period - Nicklas Backstrom wins face-off versus Evgeni Malkin in neutral zone.
1:33 of 2nd period - P.K. Subban is hit by Vladimir Tarasenko.
1:50 of 2nd period - Slapshot by P.K. Subban.
1:50 of 2nd period - Stopped by Corey Crawford with a rebound.
2:19 of 2nd period - Wrist shot by Evan Rodrigues.
2:19 of 2nd period - Stopped by Connor Hellebuyck with a rebound.
2:25 of 2nd period - Slapshot by Evan Rodrigues.
2:25 of 2nd period - Shot Misses the Net.
2:29 of 2nd period - Snap shot by Tyler Bozak.
2:29 of 2nd period - Deflect By Brandon Saad.
2:29 of 2nd period - Stopped by Connor Hellebuyck with a rebound.
2:59 of 2nd period - Snap shot by Brandon Saad.
2:59 of 2nd period - Stopped by Connor Hellebuyck with a rebound.
3:08 of 2nd period - Slapshot by Brandon Saad.
3:08 of 2nd period - Stopped by Connor Hellebuyck without a rebound.
3:09 of 2nd period - Nicklas Backstrom wins face-off versus Antoine Roussel in Golden Knights zone.
3:16 of 2nd period - Snap shot by Nicklas Backstrom.
3:16 of 2nd period - Stopped by Connor Hellebuyck with a rebound.
3:57 of 2nd period - Snap shot by Brock Boeser.
3:57 of 2nd period - Shot Blocked by Jordie Benn.
3:59 of 2nd period - Slapshot by Brock Boeser.
3:59 of 2nd period - Shot Blocked by Ryan Murray.
4:01 of 2nd period - Snap shot by Brock Boeser.
4:01 of 2nd period - Shot Blocked by Tyler Ennis.
4:03 of 2nd period - Slapshot by P.K. Subban.
4:03 of 2nd period - Stopped by Corey Crawford without a rebound.
4:04 of 2nd period - Nic Dowd wins face-off versus Nicklas Backstrom in Islanders zone.
4:57 of 2nd period - Snap shot by Phil Kessel.
4:57 of 2nd period - Shot Blocked by Logan Shaw.
5:13 of 2nd period - Nic Dowd is hit by Jordie Benn and loses puck.
5:34 of 2nd period - Snap shot by Brandon Saad.
5:34 of 2nd period - Shot Blocked by Brock Boeser.
5:44 of 2nd period - Snap shot by Drake Caggiula.
5:44 of 2nd period - Shot Misses the Net.
7:48 of 2nd period - Off-side.
7:49 of 2nd period - Tyler Bozak wins face-off versus Derek Stepan in neutral zone.
7:52 of 2nd period - P.K. Subban is hit by Brandon Saad.
8:12 of 2nd period - Dustin Byfuglien is hit by Nicklas Backstrom and loses puck.
9:47 of 2nd period - Tyler Ennis is hit by Kyle Okposo and loses puck.
10:04 of 2nd period - Icing by P.K. Subban.
10:05 of 2nd period - Nic Dowd wins face-off versus Tyler Bozak in Golden Knights zone.
10:14 of 2nd period - Off-side.
10:15 of 2nd period - Derek Stepan wins face-off versus Nicklas Backstrom in neutral zone.
11:11 of 2nd period - Wrist shot by Kyle Okposo.
11:11 of 2nd period - Shot Blocked by Brandon Saad.
11:13 of 2nd period - Slapshot by Phil Kessel.
11:13 of 2nd period - Deflect By Nic Dowd.
11:13 of 2nd period - Goal by Nic Dowd - Golden Knights : 2 - Islanders : 1.
11:14 of 2nd period - Nic Dowd wins face-off versus Nicklas Backstrom in neutral zone.
11:17 of 2nd period - Slapshot by P.K. Subban.
11:17 of 2nd period - Shot Misses the Net.
11:23 of 2nd period - Snap shot by Austin Watson.
11:23 of 2nd period - Deflect By Kyle Okposo.
11:23 of 2nd period - Shot Misses the Net.
11:23 of 2nd period - Puck is out of play.
11:24 of 2nd period - Nic Dowd wins face-off versus Nicklas Backstrom in Islanders zone.
11:34 of 2nd period - Minor Penalty to Vladimir Tarasenko for Goalie Interference.
11:35 of 2nd period - Radek Faksa wins face-off versus Evgeni Malkin in Islanders zone.
11:43 of 2nd period - Snap shot by Brandon Saad.
11:43 of 2nd period - Shot Misses the Net.
12:09 of 2nd period - Backhand shot by Brock Boeser.
12:09 of 2nd period - Shot Misses the Net.
12:24 of 2nd period - Icing by Ryan Pulock.
12:25 of 2nd period - Evan Rodrigues wins face-off versus Evgeni Malkin in Golden Knights zone.
13:16 of 2nd period - Snap shot by Evan Rodrigues.
13:16 of 2nd period - Shot Misses the Net.
13:34 of 2nd period - Penalty to Vladimir Tarasenko is over, Vladimir Tarasenko is back on ice.
13:37 of 2nd period - Snap shot by Brandon Saad.
13:37 of 2nd period - Shot Blocked by Byron Froese.
14:15 of 2nd period - Wrist shot by Vladimir Tarasenko.
14:15 of 2nd period - Stopped by Connor Hellebuyck without a rebound.
14:16 of 2nd period - Nic Dowd wins face-off versus Drake Batherson in Golden Knights zone.
14:30 of 2nd period - Dustin Byfuglien is hit by Jake Gardiner and loses puck.
14:48 of 2nd period - Snap shot by Evgeni Malkin.
14:48 of 2nd period - Shot Blocked by Vladimir Tarasenko.
15:06 of 2nd period - Snap shot by Derek Stepan.
15:06 of 2nd period - Shot Blocked by Justin Schultz.
15:08 of 2nd period - Slapshot by Brooks Orpik.
15:08 of 2nd period - Stopped by Corey Crawford with a rebound.
16:06 of 2nd period - Mathew Dumba is hit by Patrik Berglund and loses puck.
16:23 of 2nd period - Slapshot by Drake Batherson.
16:23 of 2nd period - Stopped by Connor Hellebuyck with a rebound.
17:13 of 2nd period - Wrist shot by Brock Boeser.
17:13 of 2nd period - Shot Blocked by Mathew Dumba.
17:15 of 2nd period - Wrist shot by Antoine Roussel.
17:15 of 2nd period - Stopped by Corey Crawford without a rebound.
17:16 of 2nd period - Nicklas Backstrom wins face-off versus Derek Stepan in Islanders zone.
17:39 of 2nd period - Snap shot by Brock Boeser.
17:39 of 2nd period - Stopped by Corey Crawford with a rebound.
17:47 of 2nd period - Kyle Okposo is hit by Tyler Bozak and loses puck.
18:00 of 2nd period - Brooks Orpik is hit by Tyler Ennis and loses puck.
18:05 of 2nd period - Slapshot by Mathew Dumba.
18:05 of 2nd period - Stopped by Connor Hellebuyck without a rebound.
18:06 of 2nd period - Nicklas Backstrom wins face-off versus Derek Stepan in Golden Knights zone.
18:11 of 2nd period - Snap shot by Vladimir Tarasenko.
18:11 of 2nd period - Stopped by Connor Hellebuyck with a rebound.
18:37 of 2nd period - Off-side.
18:38 of 2nd period - Tyler Bozak wins face-off versus Evgeni Malkin in neutral zone.
19:01 of 2nd period - Icing by Evgeni Malkin.
19:02 of 2nd period - Evgeni Malkin wins face-off versus Vladimir Tarasenko in Golden Knights zone.
19:09 of 2nd period - Alex Goligoski is hit by Antoine Roussel and loses puck.
Goals for this period are 1 for Golden Knights vs 0 for Islanders.
Shots for this period are 6 for Golden Knights vs 9 for Islanders.

3rd period


0:01 of 3rd period - Tyler Bozak wins face-off versus Evgeni Malkin in neutral zone.
0:06 of 3rd period - Snap shot by Brandon Saad.
0:06 of 3rd period - Stopped by Connor Hellebuyck without a rebound.
0:07 of 3rd period - Tyler Bozak wins face-off versus Evgeni Malkin in Golden Knights zone.
0:11 of 3rd period - Icing by P.K. Subban.
0:12 of 3rd period - Nicklas Backstrom wins face-off versus Evgeni Malkin in Golden Knights zone.
0:21 of 3rd period - Slapshot by Nicklas Backstrom.
0:21 of 3rd period - Stopped by Connor Hellebuyck with a rebound.
0:23 of 3rd period - Wrist shot by Vladimir Tarasenko.
0:23 of 3rd period - Stopped by Connor Hellebuyck with a rebound.
0:31 of 3rd period - Snap shot by Phil Kessel.
0:31 of 3rd period - Stopped by Corey Crawford without a rebound.
0:32 of 3rd period - Tyler Bozak wins face-off versus Derek Stepan in Islanders zone.
1:09 of 3rd period - Wrist shot by Phil Kessel.
1:09 of 3rd period - Stopped by Corey Crawford without a rebound.
1:10 of 3rd period - Nic Dowd wins face-off versus Tyler Bozak in Islanders zone.
1:21 of 3rd period - Wrist shot by Brandon Saad.
1:21 of 3rd period - Stopped by Connor Hellebuyck without a rebound.
1:22 of 3rd period - Evgeni Malkin wins face-off versus Nicklas Backstrom in Golden Knights zone.
1:28 of 3rd period - Minor Penalty to Timo Meier for Hooking.
1:29 of 3rd period - Evgeni Malkin wins face-off versus Brandon Saad in Islanders zone.
1:52 of 3rd period - Minor Penalty to Jordie Benn for Hooking.
1:53 of 3rd period - Radek Faksa wins face-off versus Evgeni Malkin in Islanders zone.
3:28 of 3rd period - Penalty to Timo Meier is over, Timo Meier is back on ice.
3:52 of 3rd period - Penalty to Jordie Benn is over, Jordie Benn is back on ice.
4:12 of 3rd period - Snap shot by Byron Froese.
4:12 of 3rd period - Shot Misses the Net.
4:43 of 3rd period - Patrik Berglund is hit by Drake Batherson and loses puck.
5:13 of 3rd period - Brooks Orpik is hit by Chris Mueller and loses puck.
5:24 of 3rd period - Alex Goligoski is hit by Evgeni Malkin and loses puck.
6:02 of 3rd period - Wrist shot by Drake Batherson.
6:02 of 3rd period - Shot Blocked by Patrik Berglund.
7:07 of 3rd period - Slapshot by Jake Gardiner.
7:07 of 3rd period - Shot Blocked by Kris Russell.
7:09 of 3rd period - Snap shot by Drake Batherson.
7:09 of 3rd period - Goal by Drake Batherson - Golden Knights : 2 - Islanders : 2.
7:10 of 3rd period - Nicklas Backstrom wins face-off versus Evgeni Malkin in neutral zone.
7:17 of 3rd period - Wrist shot by Nicklas Backstrom.
7:17 of 3rd period - Shot Blocked by Mark Barberio.
7:47 of 3rd period - Wrist shot by Tyler Bozak.
7:47 of 3rd period - Deflect By Brandon Saad.
7:47 of 3rd period - Stopped by Connor Hellebuyck with a rebound.
7:57 of 3rd period - Slapshot by Brock Boeser.
7:57 of 3rd period - Shot Misses the Net.
7:59 of 3rd period - Wrist shot by Byron Froese.
7:59 of 3rd period - Deflect By Patrik Berglund.
7:59 of 3rd period - Shot Misses the Net.
7:59 of 3rd period - Puck is out of play.
8:00 of 3rd period - Byron Froese wins face-off versus Radek Faksa in Islanders zone.
8:00 of 3rd period - Dustin Byfuglien is hit by Tyler Ennis and loses puck.
8:17 of 3rd period - Wrist shot by Radek Faksa.
8:17 of 3rd period - Shot Misses the Net.
8:19 of 3rd period - Slapshot by Chris Mueller.
8:19 of 3rd period - Stopped by Connor Hellebuyck with a rebound.
8:31 of 3rd period - Slapshot by Tyler Ennis.
8:31 of 3rd period - Shot Misses the Net.
8:33 of 3rd period - Snap shot by Tyler Ennis.
8:33 of 3rd period - Stopped by Connor Hellebuyck without a rebound.
8:34 of 3rd period - Nicklas Backstrom wins face-off versus Evgeni Malkin in Golden Knights zone.
8:35 of 3rd period - Snap shot by Timo Meier.
8:35 of 3rd period - Stopped by Connor Hellebuyck without a rebound.
8:36 of 3rd period - Timo Meier wins face-off versus Evgeni Malkin in Golden Knights zone.
8:47 of 3rd period - Wrist shot by Vladimir Tarasenko.
8:47 of 3rd period - Stopped by Connor Hellebuyck with a rebound.
8:49 of 3rd period - Snap shot by Vladimir Tarasenko.
8:49 of 3rd period - Stopped by Connor Hellebuyck with a rebound.
8:51 of 3rd period - Slapshot by Jordie Benn.
8:51 of 3rd period - Shot Misses the Net.
8:53 of 3rd period - Snap shot by Vladimir Tarasenko.
8:53 of 3rd period - Stopped by Connor Hellebuyck with a rebound.
9:07 of 3rd period - Wrist shot by Phil Kessel.
9:07 of 3rd period - Shot Blocked by Chris Mueller.
10:27 of 3rd period - Slapshot by Derek Stepan.
10:27 of 3rd period - Shot Hit the Post.
10:29 of 3rd period - Snap shot by Brock Boeser.
10:29 of 3rd period - Shot Blocked by Alex Goligoski.
10:31 of 3rd period - Snap shot by Brock Boeser.
10:31 of 3rd period - Shot Misses the Net.
10:33 of 3rd period - Snap shot by Antoine Roussel.
10:33 of 3rd period - Stopped by Corey Crawford without a rebound.
10:34 of 3rd period - Tyler Bozak wins face-off versus Nic Dowd in Islanders zone.
10:49 of 3rd period - Snap shot by Evan Rodrigues.
10:49 of 3rd period - Shot Misses the Net.
10:59 of 3rd period - Mark Barberio is hit by Radek Faksa and loses puck.
11:27 of 3rd period - Off-side.
11:28 of 3rd period - Nicklas Backstrom wins face-off versus Derek Stepan in neutral zone.
11:48 of 3rd period - Dustin Byfuglien is hit by Timo Meier and loses puck.
13:00 of 3rd period - Kyle Okposo is hit by Jordie Benn.
13:07 of 3rd period - P.K. Subban is hit by Ryan Murray and loses puck.
13:28 of 3rd period - Slapshot by Evan Rodrigues.
13:28 of 3rd period - Stopped by Connor Hellebuyck with a rebound.
13:50 of 3rd period - Snap shot by Derek Stepan.
13:50 of 3rd period - Shot Blocked by Tyler Ennis.
13:52 of 3rd period - Slapshot by Brock Boeser.
13:52 of 3rd period - Stopped by Corey Crawford with a rebound.
14:08 of 3rd period - Backhand shot by Drake Batherson.
14:08 of 3rd period - Shot Misses the Net.
15:54 of 3rd period - Vladimir Tarasenko is hit by Byron Froese and loses puck.
17:07 of 3rd period - Slapshot by Timo Meier.
17:07 of 3rd period - Stopped by Connor Hellebuyck without a rebound.
17:08 of 3rd period - Nic Dowd wins face-off versus Nicklas Backstrom in Golden Knights zone.
17:19 of 3rd period - Nic Dowd is hit by Vladimir Tarasenko.
17:43 of 3rd period - Icing by Derek Stepan.
17:44 of 3rd period - Nicklas Backstrom wins face-off versus Derek Stepan in Golden Knights zone.
19:14 of 3rd period - Tyler Bozak is hit by Kris Russell and loses puck.
Goals for this period are 0 for Golden Knights vs 1 for Islanders.
Shots for this period are 4 for Golden Knights vs 14 for Islanders.

Overtime #1


0:01 of 1st overtime period - Nicklas Backstrom wins face-off versus Evgeni Malkin in neutral zone.
0:35 of 1st overtime period - Wrist shot by Brandon Saad.
0:35 of 1st overtime period - Shot Blocked by Ryan Pulock.
1:03 of 1st overtime period - Wrist shot by Kyle Okposo.
1:03 of 1st overtime period - Stopped by Corey Crawford with a rebound.
1:05 of 1st overtime period - Wrist shot by Kyle Okposo.
1:05 of 1st overtime period - Deflect By Blake Coleman.
1:05 of 1st overtime period - Stopped by Corey Crawford without a rebound.
1:06 of 1st overtime period - Nicklas Backstrom wins face-off versus Evgeni Malkin in Islanders zone.
1:15 of 1st overtime period - Wrist shot by Vladimir Tarasenko.
1:15 of 1st overtime period - Deflect By Evgeni Malkin.
1:15 of 1st overtime period - Stopped by Connor Hellebuyck without a rebound.
1:16 of 1st overtime period - Evgeni Malkin wins face-off versus Nicklas Backstrom in Golden Knights zone.
1:23 of 1st overtime period - Slapshot by P.K. Subban.
1:23 of 1st overtime period - Deflect By Phil Kessel.
1:23 of 1st overtime period - Stopped by Corey Crawford with a rebound.
1:29 of 1st overtime period - Wrist shot by Evgeni Malkin.
1:29 of 1st overtime period - Stopped by Corey Crawford without a rebound.
1:30 of 1st overtime period - Evgeni Malkin wins face-off versus Nicklas Backstrom in Islanders zone.
1:33 of 1st overtime period - Snap shot by Evgeni Malkin.
1:33 of 1st overtime period - Shot Blocked by Nicklas Backstrom.
1:47 of 1st overtime period - Wrist shot by Nicklas Backstrom.
1:47 of 1st overtime period - Stopped by Connor Hellebuyck with a rebound.
2:26 of 1st overtime period - Snap shot by Vladimir Tarasenko.
2:26 of 1st overtime period - Deflect By Timo Meier.
2:26 of 1st overtime period - Goal by Timo Meier - Golden Knights : 2 - Islanders : 3.
Goals for this period are 0 for Golden Knights vs 1 for Islanders.
Shots for this period are 4 for Golden Knights vs 3 for Islanders.